 Seeded DCSS version 0.29-a0-344-ge2f44be95a (webtiles) character file.

Game seed: 300672265412337989 (custom seed)

210 zeratav the Cutter (level 5, 0/27 HPs)
             Began as a Vine Stalker Fighter on Apr 22, 2022.
             Slain by Grinder (2 damage)
             ... on level 4 of the Dungeon.
             The game lasted 00:04:18 (2679 turns).

zeratav the Cutter (Vine Stalker Fighter)           Turns: 2679, Time: 00:04:18

Health: 0/27       AC:  6    Str: 18    XL:     5   Next: 88%
Magic:  0/6        EV: 13    Int:  8    God:
Gold:   109        SH:  5    Dex: 16    Spells: 4/4 levels left

rFire   . . .      SeeInvis .   w - +5 quick blade {shortrare=g}
rCold   . . .      Faith    .   c - +0 buckler
rNeg    . . .      Spirit   +   b - +0 scale mail
rPois   .          Reflect  .   (no helmet)
rElec   .          Harm     .   (no cloak)
rCorr   .          Rampage  .   (no gloves)
Will    .....                   (no boots)
Stlth   ..........              (no amulet)
HPRegen 0.89/turn               k - +4 ring of evasion
MPRegen 0.10/turn               (no ring)

@: no status effects
A: fangs 2, regeneration 1, magic shield, antimagic bite, no potion heal 2
a: no special abilities


You were on level 4 of the Dungeon.
You visited 1 branch of the dungeon, and saw 4 of its levels.

You collected 109 gold pieces.


Innate Abilities, Weirdness & Mutations

You have extremely sharp teeth.
Your natural rate of healing is unusually fast.
When hurt, damage is shared between your health and your magic reserves.
Your bite disrupts and absorbs the magic of your enemies.
Potions cannot restore your health.


   Skills:
 - Level 2.6 Fighting
 + Level 5.4 Short Blades
 - Level 2.4 Armour
 - Level 2.6 Shields


You had 4 spell levels left.
You didn't know any spells.
Your spell library contained the following spells:

 Spells                   Type           Power      Damage    Failure   Level
 Ozocubu's Armour         Ice            0%         N/A       99%         3
 Metabolic Englaciation   Hex/Ice        0%         N/A       100%        5
 Simulacrum               Ice/Necr       0%         N/A       100%        6

Inventory:

Hand Weapons
 q - a +2 dagger of electrocution {short}
   (You took it off a goblin on level 3 of the Dungeon)
 w - a +5 quick blade (weapon) {shortrare=g}
   (You acquired it on level 3 of the Dungeon)
Armour
 a - a +0 chain mail
   (You took it off an orc on level 3 of the Dungeon)
 b - a +0 scale mail (worn)
 c - a +0 buckler (worn)
 i - a +0 scale mail
   (You took it off an orc on level 3 of the Dungeon)
 m - a +0 ring mail
   (You took it off Ijyb on level 3 of the Dungeon)
 t - a +0 cloak
   (You found it on level 3 of the Dungeon)
Jewellery
 e - a ring of protection from fire
   (You found it on level 1 of the Dungeon)
 k - a +4 ring of evasion (left hand)
   (You found it on level 1 of the Dungeon)
Wands
 n - a wand of digging (4)
   (You took it off Ijyb on level 3 of the Dungeon)
Scrolls
 f - a scroll of vulnerability {unknown}
 h - 3 scrolls of identify {unknown}
 l - a scroll of fear {unknown}
 s - a scroll of amnesia {unknown}
 y - a scroll of torment {unknown}
 z - 2 scrolls of teleportation {unknown}
 A - a scroll of enchant armour {unknown}
Potions
 d - a potion of might
 g - 2 potions of heal wounds {unknown}
 j - a potion of curing {unknown}
 o - 3 potions of degeneration {unknown}
 p - 2 potions of brilliance {unknown}
 r - a potion of flight {unknown}

Dungeon Overview and Level Annotations

Branches:
Dungeon (4/15)
 Temple: D:4-7

Altars:
Gozag

Annotations:
D:2 1 runed translucent door, Crazy Yiuf
D:4 Grinder

#......... #.........
#........# #
#........#######..
####.<......#.......#
#...........#.......#
#.....#######....(.#
#.............w....#
#....########@.....#
#....# #5B....#
#....# #......#
###### #..!...#
#......# ########


You could see Grinder (strong, magic disrupted), a dart slug and a giant
cockroach.


Message History

a +0 club {mace}; the goblin corpse of Ijyb
q - a +2 dagger of electrocution {short} You see here a +0 hunting sling {sling}.
Things that are here:
a +0 club {mace}; the goblin corpse of Ijyb
t - a +0 cloak MP[+1]
Your mp is fully restored (6).
z - 2 scrolls labelled BEGIKK JUNN (gained 1)
You now have 86 gold pieces (gained 18).
As you open the door, it creaks loudly!
Found 12 gold pieces.
Found a stone staircase leading down.
There is an open door here.
You now have 98 gold pieces (gained 12).
There is an open door here.
As you open the door, it creaks loudly!
There is an open door here.
You now have 109 gold pieces (gained 11).
You open the door.
There is an open door here.
There is an open door here.
You open the door.
There is an open door here.
There is an open door here.
Done exploring.
Done exploring.
(D) Dungeon
Where to? (Enter - D:3, ? - help)
You open the door.
There is an open door here.
There is a stone staircase leading down here.
You climb downwards.
There is a stone staircase leading up here.
g - 2 emerald potions (gained 1)
A giant cockroach comes into view.
A giant cockroach is nearby!
Grinder and a dart slug come into view.
Grinder shouts!
The dart slug launches a dart at you. The slug dart misses you.
The giant cockroach bites you but does no damage.
You hit Grinder. The giant cockroach bites you.
The dart slug launches a dart at you. The slug dart hits you.
HP[-5] MP[-1]
You take 5 damage, and now have 22/27 hp.
You lost 1 mp, and now have 5/6 mp.
You hit Grinder.
HP[+1]
You hit Grinder. Your bite misses Grinder.
The giant cockroach bites you but does no damage.
Grinder drinks a potion.
Grinder seems to grow stronger.
You hit Grinder. You hit Grinder. The giant cockroach barely misses you.
Grinder gestures at you. Pain shoots through your body!
HP[-5] MP[-1]
You take 5 damage, and now have 18/27 hp.
You lost 1 mp, and now have 4/6 mp.
You hit Grinder. You block the giant cockroach's attack.
You barely miss Grinder. Your bite misses Grinder. Grinder gestures at you.
You struggle to resist.
HP[+1]
You hit Grinder but do no damage. Your bite misses Grinder.
The giant cockroach bites you but does no damage.
You hit Grinder. Grinder gestures at you.
You suddenly lose the ability to move!
The giant cockroach bites you but does no damage.
Grinder hits you.
You writhe in agony.
The giant cockroach bites you but does no damage.
The giant cockroach bites you.
The dart slug briefly extends its eye-stalks.
Grinder hits you but does no damage. The giant cockroach bites you.
Grinder gestures at you.
You shrug off the repeated paralysis!
The giant cockroach bites you but does no damage.
The dart slug launches a dart at you.
The slug dart hits you but does no damage.
Grinder hits you!
* * * LOW HITPOINT WARNING * * *
You writhe in agony.
* * * LOW HITPOINT WARNING * * *
The giant cockroach bites you but does no damage.
Grinder hits you.
* * * LOW HITPOINT WARNING * * *
You can move again.
HP[-15] MP[-4]
You take 15 damage, and now have 4/27 hp.
MASSIVE DAMAGE!! (PAUSE)
You lost 4 mp, and now have 0/6 mp.
You closely miss Grinder. The giant cockroach closely misses you.
You hit Grinder. You bite Grinder.
Grinder's magic leaks into the air.
You drain her magic.
You feel invigorated. Grinder hits you!
* * * LOW HITPOINT WARNING * * *
You writhe in agony.
You die...

Skill      XL: |  1  2  3  4  5 |
---------------+----------------+-----
Short Blades   | 2 3 4 5 |  5.4
Fighting       | |  2.6
Armour         | |  2.4
Shields        | |  2.6

Action                   |  1- 3 |  4- 6 || total
-------------------------+-------+-------++-------
Melee: Rapier            |    65 |    55 ||   120
       Bite              |    15 |    26 ||    41
       Quick blade       |       |    63 ||    63
  Use: Potion            |     1 |       ||     1
       Scroll            |       |     1 ||     1
Armor: Scale mail        |    36 |    48 ||    84
Dodge: Dodged            |    39 |    51 ||    90
Block: Buckler           |    22 |    17 ||    39

Levels and vault maps discovered:
D:1:      nicolae_arrival_washed_ashore, layout_rooms
D:2:      minmay_diamond_boxcup, layout_basic, basic_altar, minmay_door_square,
          minmay_cut_off, uniq_terence, uniq_crazy_yiuf_cottage
D:3:      layout_loops_corners, hangedman_abyss_or_decor_stabs, uniq_ijyb
D:4:      layout_basic, minmay_temple_entry_glass, uniq_sigmund, uniq_grinder

Notes
Turn   | Place    | Note
-------+----------+-------------------------------------------
     0 | D:1      | zeratav the Vine Stalker Fighter began the quest for the
                  | Orb.
     0 | D:1      | Reached XP level 1. HP: 11/11 MP: 2/2
     0 | D:1      | magus.rc [v1.9.6]
    14 | D:1      | Reached skill level 2 in Short Blades
    51 | D:1      | Reached XP level 2. HP: 15/16 MP: 3/3
    81 | D:1      | You pick up a book of Winter and begin reading...
    81 | D:1      | You add the spells Ozocubu's Armour, Metabolic Englaciation
                  | and Simulacrum to your library.
   359 | D:1      | Reached skill level 3 in Short Blades
   380 | D:1      | Reached XP level 3. HP: 19/19 MP: 2/4
   794 | D:2      | Noticed Terence
   801 | D:2      | Killed Terence
   802 | D:2      | Gained mutation: Your natural rate of healing is unusually
                  | fast. [Vine Stalker growth]
   802 | D:2      | Reached XP level 4. HP: 17/23 MP: 5/5
  1026 | D:2      | Reached skill level 4 in Short Blades
  1373 | D:2      | Found a runed translucent door.
  1374 | D:2      | Noticed Crazy Yiuf
  1438 | D:2      | Found an opulent altar of Gozag.
  1757 | D:3      | Identified a scroll of acquirement
  1757 | D:3      | Acquired a +5 quick blade
  1758 | D:3      | w - a +5 quick blade {shortrare=g}
  1759 | D:3      | w - a +5 quick blade (weapon) {shortrare=g}
  1832 | D:3      | Reached XP level 5. HP: 24/27 MP: 6/6
  2041 | D:3      | HP: 6/27 [something/puff of flame (10)]
  2047 | D:3      | HP: 6/27 [something (3)]
  2049 | D:3      | Reached skill level 5 in Short Blades
  2297 | D:3      | Noticed Ijyb
  2316 | D:3      | Killed Ijyb
  2662 | D:4      | Noticed Grinder
  2672 | D:4      | Paralysed by Grinder for 5 turns
  2676 | D:4      | HP: 4/27 [Grinder (6)]
  2679 | D:4      | Slain by Grinder

Vanquished Creatures
  An orc priest (D:3)
  Terence (D:2)
  Ijyb (D:3)
  An orc wizard (D:3)
  3 adders
  A worm (D:2)
  3 dart slugs
  3 orcs (D:3)
  5 ball pythons
  4 bats
  4 endoplasms
  4 giant cockroaches
  7 goblins
  4 hobgoblins
  3 jackals (D:1)
  4 quokkas (D:3)
  3 frilled lizards (D:2)
  6 kobolds
  9 rats
67 creatures vanquished.

Table legend:
 A = Non-vault XP
 B = Vault XP
 C = Vault XP percentage of total XP
 D = Non-vault monster count
 E = Vault monster count
 F = Vault count percentage of total count
                 A         B        C        D         E       F
            +---------+---------+-------+---------+---------+-------
      Total |     194 |     107 |  35.5 |      56 |      11 |  16.4
            +---------+---------+-------+---------+---------+-------
        D:1 |      45 |       0 |   0.0 |      26 |       0 |   0.0
        D:2 |      18 |      71 |  79.8 |      12 |      10 |  45.5
        D:3 |     131 |      36 |  21.6 |      18 |       1 |   5.3
            +---------+---------+-------+---------+---------+-------

Illustrated notes

Table legend:
 A = Kills in this place as a percentage of kills in entire the game.
 B = Kills by you in this place as a percentage of kills by you in the entire game.
 C = Kills by friends in this place as a percentage of kills by friends in the entire game.
 D = Other kills in this place as a percentage of other kills in the entire game.
 E = Experience gained in this place as a percentage of experience gained in the entire game.
 F = Experience gained in this place divided by the number of levels of this place that you have seen.
                   A       B       C       D       E      F
               +-------+-------+-------+-------+-------+----------------------
         Total | 100.0 | 100.0 |   N/A |   N/A | 100.0 |  75.2
       Dungeon | 100.0 | 100.0 |   N/A |   N/A | 100.0 |  75.2
               +-------+-------+-------+-------+-------+----------------------

Table legend: (Time is in decaauts)
 A = Elapsed time spent in this place.
 B = Non-inter-level travel time spent in this place.
 C = Inter-level travel time spent in this place.
 D = Time resting spent in this place.
 E = Time spent auto-exploring this place.
 F = Levels seen in this place.
 G = Mean time per level.
                   A        B        C        D        E       F      G
               +--------+--------+--------+--------+--------+-----+--------+
         Total |   2657 |   2580 |     77 |     42 |   2134 |   4 |  664.2 |
       Dungeon |   2657 |   2580 |     77 |     42 |   2134 |   4 |  664.2 |
               +--------+--------+--------+--------+--------+-----+--------+

Top non-repeatable levels by time:
     D:2: 960 daAuts
     D:3: 895 daAuts
     D:1: 777 daAuts
     D:4: 24 daAuts
